 Dungeon Crawl Stone Soup version 0.32-a0-953-g508020473e (webtiles) character file.

Game seed: 13688964402513291187

19 Daunt the Digger (level 2, -1/19 HPs)
             Began as a Coglin Earth Elementalist on Apr 17, 2024.
             Was an Initiate of Gozag.
             Slain by a gnoll
             ... wielding a +0 flail
              (11 damage)
             ... on level 2 of the Dungeon.
             The game lasted 00:02:56 (1131 turns).

Daunt the Digger (Coglin Earth Elementalist)        Turns: 1131, Time: 00:02:57

Health: -1/19      AC:  2    Str:  8    XL:     2   Next: 75%
Magic:  2/4        EV: 11    Int: 14    God:    Gozag
Gold:   105        SH:  0    Dex: 14    Spells: 3/4 levels left

rFire   . . .        d - +0 dagger {Jasleen}
rCold   . . .        f - +1 hand axe (heavy) {Imanvir}
rNeg    . . .        a - +0 robe
rPois   .            (no helmet)
rElec   .            (no cloak)
rCorr   .            (no gloves)
SInv    .            (no boots)
Will    .....        (amulet unavailable)
Stlth   ++           (ring unavailable)
HPRegen 0.23/turn    (ring unavailable)
MPRegen 0.09/turn    (no gizmo)

%: no passive effects
@: gold aura, very slightly contaminated, revving
A: off-hand wielding, slow wielding, warmup strikes, no jewellery
a: Invent Gizmo, Renounce Religion, Potion Petition, Call Merchant, Bribe Branch


You were on level 2 of the Dungeon.
You worshipped Gozag.
Gozag was aware of your devotion.
You visited 1 branch of the dungeon, and saw 2 of its levels.

You collected 105 gold pieces.

Inventory:

Hand Weapons
 d - a +0 dagger (weapon) {Jasleen}
 f - a +1 heavy hand axe (offhand) {Imanvir}
Missiles
 c - 11 stones
Armour
 a - a +0 robe (worn)
Scrolls
 e - a scroll of identify {unknown}
 h - a scroll of immolation {unknown}
Potions
 b - a potion of magic
 g - a potion of brilliance {unknown}


   Skills:
 - Level 1.7 Dodging
 - Level 1.5 Stealth
 - Level 1.7 Spellcasting
 - Level 0.8 Conjurations
 + Level 3.6 Earth Magic


You had 3 spell levels left.
You knew the following spells:

 Your Spells              Type           Power      Damage    Failure   Level
a - Sandblast             Erth           22%        2d7       5%          1

Your spell library contained the following spells:

 Spells                   Type           Power      Damage    Failure   Level
 Passwall                 Erth           11%        N/A       17%         3
 Stone Arrow              Conj/Erth      14%        3d7       28%         3
 Brom's Barrelling Bould  Conj/Erth      7%         2d3       67%         4
 Petrify                  Alch/Erth      6%         N/A       75%         4


Dungeon Overview and Level Annotations

Branches:
Dungeon (2/15)

Altars:
Gozag

Annotations:
D:2 Robin


Innate Abilities, Weirdness & Mutations

You can wield a second weapon in your off-hand.
It takes a long time for you to wield or remove held weapons.
Your first few attacks do less damage.
You cannot equip rings or amulets.


Message History

The gnoll shouts!
The gnoll throws a throwing net.
The throwing net hits you.
You become entangled in the net!
A bat comes into view.
You see here a throwing net.
Unknown command.
You tear a large gash into the net.
You struggle against the net.
The bat hits you.
A gnoll comes into view. It is wielding a +0 whip.
The bat hits you but does no damage.
You rip the net and break free!
The bat hits you. The bat barely misses you. The bat attacks as it pursues you!
The bat closely misses you. The bat misses you.
The bat attacks as it pursues you! The bat completely misses you.
The bat closely misses you. The bat attacks as it pursues you!
The bat barely misses you. The bat hits you but does no damage.
The bat closely misses you. The bat attacks as it pursues you!
The bat closely misses you. x2
The bat barely misses you. The bat barely misses you.
The bat hits you but does no damage. The bat misses you.
The bat hits you but does no damage.
There is a stone staircase leading up here.
The blast of sand misses the bat.
The bat misses you.
You miscast Sandblast.
You are very lightly contaminated with residual magic.
Nothing appears to happen.
The bat closely misses you.
You hit the bat with your +0 dagger.
The bat is heavily wounded.
You slash the bat with your +1 heavy hand axe!
You kill the bat!
You hit the gnoll with your +0 dagger.
The gnoll is lightly wounded.
You hit the gnoll with your +1 heavy hand axe.
The gnoll hits you with a +0 flail! x2
Ouch! That really hurt!
You die...
Your body crumbles into a pile of gold.

#####
######..@#
.......#g#
#####...#
#######.###
#.........#
#.#####.#.#
#.#.# #...#
#.#.#


You could see a gnoll.

Vanquished Creatures
  A dart slug (D:1)
  A ball python (D:1)
  2 endoplasms (D:1)
  A goblin (D:2)
  2 kobolds (D:1)
  A quokka (D:2)
  5 bats
  A frilled lizard (D:2)
  A rat (D:1)
  A spectral goblin (D:1)
16 creatures vanquished.

Notes
Turn   | Place    | Note
-------+----------+-------------------------------------------
     0 | D:1      | Daunt the Coglin Earth Elementalist began the quest for the
                  | Orb.
     0 | D:1      | Reached XP level 1. HP: 13/13 MP: 3/3
   215 | D:1      | Reached skill level 3 in Earth Magic
   311 | D:1      | Found a faded altar of an unknown god.
   320 | D:1      | Prayed at the altar of an unknown god.
   320 | D:1      | Became a worshipper of Gozag Ym Sagoz the Greedy
   363 | D:1      | Reached XP level 2. HP: 19/19 MP: 1/4
  1004 | D:2      | Noticed Robin
  1131 | D:2      | Slain by a gnoll

Illustrated notes

Levels and vault maps discovered:
D:1:      psy_arrival_whirlpool, layout_basic,
          dreamdust_ecumenical_altar_drowned_temple
D:2:      layout_loops_ring, nicolae_figureground_sparkle, uniq_robin

Skill      XL: |  1 |
---------------+----+-----
Earth Magic    | 3 |  3.6
Dodging        | |  1.7
Stealth        | |  1.5
Spellcasting   | |  1.7
Conjurations   | |  0.8

Action                     || total
---------------------------++-------
  Melee: Dagger            ||     2
         Hand axe          ||     2
   Cast: Sandblast         ||    22
 Armour: Robe              ||    11
  Dodge: Dodged            ||    23

Table legend: (Time is in decaauts)
 A = Elapsed time spent in this place.
 B = Non-inter-level travel time spent in this place.
 C = Inter-level travel time spent in this place.
 D = Time resting spent in this place.
 E = Time spent auto-exploring this place.
 F = Levels seen in this place.
 G = Mean time per level.
                   A        B        C        D        E       F      G
               +--------+--------+--------+--------+--------+-----+--------+
         Total |   1148 |   1096 |     52 |     24 |    893 |   2 |  574.0 |
       Dungeon |   1148 |   1096 |     52 |     24 |    893 |   2 |  574.0 |
               +--------+--------+--------+--------+--------+-----+--------+

Top non-repeatable levels by time:
     D:1: 1029 daAuts
     D:2: 119 daAuts
